 Dungeon Crawl Stone Soup version 0.22-a0-515-g75794bf (webtiles) character file.

1205 galech the Cudgeler (level 8, -3/84 HPs)
             Began as an Ogre Berserker on June 19, 2018.
             Was a Priest of Trog.
             Killed by divine providence
             ... invoked by an orc priest
              (10 damage)
             ... on level 7 of the Dungeon.
             The game lasted 00:06:33 (5752 turns).

galech the Cudgeler (Ogre Berserker)                Turns: 5752, Time: 00:06:34

Health: -3/84      AC:  3    Str: 24    XL:     8   Next: 45%
Magic:  8/8        EV:  9    Int:  8    God:    Trog [***...]
Gold:   336        SH: 10    Dex:  8    Spells: 7/7 levels left

rFire    . . .     SeeInvis .   a - +0 mace
rCold    . . .     Gourm    .   p - +2 shield
rNeg     . . .     Faith    +   b - +0 animal skin
rPois    .         Spirit   .   (helmet restricted)
rElec    .         Reflect  .   (no cloak)
rCorr    .         Harm     .   (gloves unavailable)
MR       ++...                  (boots unavailable)
Stlth    +.........             d - amulet of faith
HPRegen  1.24/turn              (no ring)
MPRegen  0.11/turn              (no ring)

@: berserk cooldown, regenerating, slowed, very slow
A: large, unfitting armour, tough skin 1
a: Berserk, Trog's Hand, Renounce Religion


You were on level 7 of the Dungeon.
You worshipped Trog.
Trog was most pleased with you.
You were not hungry.

You visited 1 branch of the dungeon, and saw 7 of its levels.

You collected 336 gold pieces.

Inventory:

Hand Weapons
 a - a +0 mace (weapon)
Armour
 b - a +0 animal skin (worn)
 p - a +2 shield (worn)
Jewellery
 d - an amulet of faith (around neck)
Wands
 r - a wand of acid (5)
 u - a wand of enslavement (10)
Scrolls
 f - a scroll of enchant weapon {unknown}
 j - 2 scrolls of magic mapping
 l - a scroll of amnesia
 n - a scroll of immolation
 o - a scroll of fog
 s - a scroll of teleportation
 t - a scroll of enchant armour
 w - 2 scrolls of blinking
 y - a scroll of remove curse
Potions
 e - a potion of agility {unknown}
 g - 3 potions of lignification {unknown}
 h - 4 potions of curing {unknown}
 i - 2 potions of flight {unknown}
 k - 2 potions of might {unknown}
 m - a potion of degeneration {unknown}
 q - a potion of haste {unknown}
 z - a potion of brilliance {unknown}
Comestibles
 c - 10 rations


   Skills:
 + Level 6.7 Fighting
 + Level 6.8 Maces & Flails
 + Level 4.7 Dodging
 + Level 1.5 Stealth
 + Level 2.5 Shields


You had 7 spell levels left.
You didn't know any spells.
Your spell library was empty.

Dungeon Overview and Level Annotations

Branches:
Dungeon (7/15)             Temple (0/1) D:5

Altars:
Ashenzari
Trog
Uskayaw
Xom

Shops:
D:4 =


Innate Abilities, Weirdness & Mutations

You are too large for most types of armour.
You have tough skin. (AC +1)


Message History

You feel the effects of Trog's Hand fading.
The orc warrior is engulfed in noxious fumes.
The orc warrior appears confused.
The ogre hits you with a giant spiked club!!
* * * LOW HITPOINT WARNING * * *
The orc is engulfed in noxious fumes.
The orc appears confused.
The orc priest calls down the wrath of Beogh upon you.
Beogh smites you!
* * * LOW HITPOINT WARNING * * *
You thump the ogre!
You kill the ogre!
Trog accepts your kill.
The hippogriff seems less confused.
The orc priest looks encouraged for a moment.
The orc warrior is engulfed in noxious fumes.
The orc warrior appears confused.
You hear a splash. x3
The orc priest calls down the wrath of Beogh upon you.
Beogh smites you!
You die...

*,* ******,**,* *,* *,,,,,,**.#
*<* *,*******.# *,* ****,** *.#
*,* **≈≈≈≈≈** *.# *,* *≈≈.,,≈≈*
*.# **,****≈,..o,≈* *.#
*,,,,,,≈,.{§oo#####.##
*,,****≈,.§§.≈FZ@.<..#***********
*,,* *≈≈...≈H#####.......,,,,,,,
*,,*****≈≈≈≈≈,,* *#.#####,***,**
*,,,,* **#,,,,,* *.# *,* *,,,
*,**,* *****,* *,# *,* ****
*,**,* *,* *,* *,* ,,,*,*
*,*****,*****,* ,,,,,*
*,**,,,,,**,,>* ,,,*,*
*,**,,,,,**,***


You could see a hippogriff, an orc warrior (confused), a bullfrog, 2 orc priests
and an adder zombie.

Vanquished Creatures
  Menkaure (D:6)
  A black bear (D:7)
  2 ice beasts
  A sky beast (D:5)
  3 ogres
  A bullfrog (D:7)
  A gnoll sergeant (D:6)
  A bullfrog zombie (D:5)
  A hound (D:5)
  2 orc priests
  An iguana (D:5)
  Terence (D:3)
  An orc wizard (D:4)
  A worker ant (D:7)
  2 worker ant zombies (D:5)
  4 gnolls
  3 oozes
  An adder skeleton (D:5)
  2 worms
  2 dart slugs
  3 leopard geckos
  11 orcs
  5 bats
  3 giant cockroaches
  6 goblins
  8 hobgoblins
  A quokka (D:2)
  5 frilled lizards
  10 kobolds
  9 rats
93 creatures vanquished.

Vanquished Creatures (others)
  An orc priest (D:7)
  An orc (D:7)
  A jackal (D:7)
3 creatures vanquished.

Grand Total: 96 creatures vanquished

Notes
Turn   | Place    | Note
-------+----------+-------------------------------------------
     0 | D:1      | galech the Ogre Berserker began the quest for the Orb.
     0 | D:1      | Reached XP level 1. HP: 24/24 MP: 1/1
    35 | D:1      | Reached XP level 2. HP: 18/32 MP: 2/2
   543 | D:1      | Reached XP level 3. HP: 39/40 MP: 3/3
   661 | D:1      | Reached ** piety under Trog
  1317 | D:2      | Found a faded altar of an unknown god.
  1640 | D:2      | Reached XP level 4. HP: 36/49 MP: 4/4
  1776 | D:3      | Noticed Terence
  1793 | D:3      | Killed Terence
  2154 | D:3      | Found a shattered altar of Ashenzari.
  2382 | D:3      | Reached XP level 5. HP: 46/55 MP: 5/5
  2626 | D:3      | Found a bloodstained altar of Trog.
  2627 | D:3      | Reached skill level 5 in Fighting
  3031 | D:4      | Noticed an ogre
  3038 | D:4      | Killed an ogre
  3319 | D:4      | Reached skill level 1 in Stealth
  3319 | D:4      | Reached XP level 6. HP: 41/66 MP: 6/6
  3466 | D:4      | Found Tusad's Jewellery Shop.
  3780 | D:5      | Entered Level 5 of the Dungeon
  3792 | D:5      | Found a staircase to the Ecumenical Temple.
  3857 | D:5      | Reached skill level 5 in Maces & Flails
  4146 | D:5      | Reached *** piety under Trog
  4148 | D:5      | Reached XP level 7. HP: 24/74 MP: 7/7
  4441 | D:5      | Reached skill level 1 in Shields
  4521 | D:5      | Found a hide-covered altar of Uskayaw.
  4751 | D:6      | Noticed Menkaure
  4756 | D:6      | Killed Menkaure
  4799 | D:6      | Reached XP level 8. HP: 47/84 MP: 8/8
  5725 | D:7      | Found a shimmering altar of Xom.
  5726 | D:7      | Noticed a hippogriff
  5751 | D:7      | HP: 4/84 [orc priest/divine providence (12)]
  5752 | D:7      | Killed from afar by an orc priest

Vault maps used:
D:1:      elethiomel_arrival_quiet
D:2:      chequers_ecumenical_altar_island, minmay_split_cup_large
D:3:      lemuel_coloured_pillars_altar, cheibrodos_ashenzari_chains,
          st_stairs_12, uniq_terence
D:4:      serial_shops, kennysheep_little_box
D:5:      kennysheep_mini_moat, minmay_temple_entry_butterflies, first_ration,
          lemuel_statue_altar
D:6:      uniq_menkaure
D:7:      xom_confusion_cloud, enter_ossuary_4, minivault_1

Skill      XL: |  1  2  3  4  5  6  7  8 |
---------------+-------------------------+-----
Maces & Flails | 3 4 5 6 |  6.8
Dodging        | 3 4 |  4.7
Fighting       | 5 6 |  6.7
Stealth        | 1 |  1.5
Shields        | 1 2 |  2.5

Action                   |  1- 3 |  4- 6 |  7- 9 || total
-------------------------+-------+-------+-------++-------
Melee: Mace              |   141 |   166 |   122 ||   429
Invok: Berserk           |     1 |     4 |     4 ||     9
       Trog's Hand       |       |       |     1 ||     1
  Use: Scroll            |       |     5 |     6 ||    11
 Stab: Sleeping          |       |     1 |       ||     1
  Eat: Chunk             |     3 |    11 |     5 ||    19
       Ration            |       |       |     2 ||     2
Armor: Animal skin       |    39 |    22 |    16 ||    77
Dodge: Dodged            |    91 |    59 |    32 ||   182
Block: Shield            |       |    27 |    59 ||    86

Table legend:
 A = Spawn XP
 B = Non-spawn XP
 C = Spawn XP percentage of total XP
 D = Spawn monster count
 E = Non-spawn monster count
 F = Spawn count percentage of total count
 G = Total turns spent on level
                    A         B        C        D         E        F      G
               +---------+---------+-------+---------+---------+-------+---------
         Total |       0 |    1722 |   0.0 |       0 |      93 |   0.0 |  5752
               +---------+---------+-------+---------+---------+-------+---------
           D:1 |       0 |      57 |   0.0 |       0 |      31 |   0.0 |  1068
           D:2 |       0 |      30 |   0.0 |       0 |      14 |   0.0 |   674
           D:3 |       0 |      88 |   0.0 |       0 |      16 |   0.0 |  1289
           D:4 |       0 |     214 |   0.0 |       0 |       8 |   0.0 |   749
           D:5 |       0 |     545 |   0.0 |       0 |      10 |   0.0 |   998
           D:6 |       0 |     478 |   0.0 |       0 |      10 |   0.0 |   945
           D:7 |       0 |     310 |   0.0 |       0 |       4 |   0.0 |    29
               +---------+---------+-------+---------+---------+-------+---------
